 Dungeon Crawl Stone Soup version 0.15.1-4-gac8487e (webtiles) character file.

211 Johnny the Chiller (level 5, -2/41 HPs)
             Began as a Demigod Ice Elementalist on Oct 14, 2014.
             Slain by an ogre
             ... wielding a +0 giant club
              (6 damage)
             ... on Level 3 of the Dungeon.
             The game lasted 00:04:48 (3311 turns).

Johnny the Chiller (Demigod Ice Elementalist)       Turns: 3311, Time: 00:04:48

HP  -2/41        AC  6     Str 11      XL: 5   Next: 31%
MP   4/12        EV  9     Int 21      God:
Gold 134         SH  0     Dex 17      Spells:  2 memorised,  4 levels left

rFire  . . .     SeeInvis .     a - +0 spear
rCold  . . .     Clarity  .     t - +0 ring mail
rNeg   . . .     rCorr    .     (no shield)
rPois  .         rRot     .     (no helmet)
rElec  .         Spirit   .     j - +0 cloak
SustAb +         Warding  .     (no gloves)
rMut   .         Rnd*Tele +     (no boots)
Gourm  .                        (no amulet)
MR     .....                    o - cursed ring of teleportation
                                h - ring of sustain abilities

@: about to teleport, very slightly contaminated, not resistant to hostile
enchantments, unstealthy
A: no striking features
a: Evoke Teleportation


You were on level 3 of the Dungeon.
You were hungry.

You visited 1 branch of the dungeon, and saw 3 of its levels.

You collected 134 gold pieces.

Inventory:

Hand weapons
 a - a +0 spear (weapon)
Armour
 j - a +0 cloak (worn)
 t - a +0 ring mail (worn)
Comestibles
 c - 2 bread rations
 d - a slice of pizza
 i - 6 meat rations
 m - a rotting chunk of adder flesh
Scrolls
 f - 3 scrolls of remove curse {unknown}
 g - 3 scrolls of identify {unknown}
 l - 2 scrolls of magic mapping {unknown}
 q - a scroll of teleportation {unknown}
Jewellery
 h - a ring of sustain abilities (left hand)
 o - a cursed ring of teleportation (right hand)
Potions
 e - 2 potions of cure mutation {unknown}
 n - a potion of curing {unknown}
 p - 2 potions of cancellation {unknown}
 r - a potion of experience {unknown}
 s - a potion of invisibility {unknown}
Books
 b - a book of Frost

   Spells                             Type                      Level
   *Freeze                            Ice                          1
   Throw Frost                        Conjuration/Ice              2
   Ozocubu's Armour                   Charms/Ice                   3
   Throw Icicle                       Conjuration/Ice              4
   *Summon Ice Beast                  Ice/Summoning                4
   Condensation Shield                Ice                          4


   Skills:
 * Level 1.8 Fighting
 + Level 1.5 Armour
 + Level 2.2 Dodging
 + Level 2.4 Stealth
 * Level 2.7 Spellcasting
   Level 0.8 Conjurations
 * Level 0.8 Summonings
 * Level 3.4 Ice Magic
 + Level 0.8 Evocations


You had 4 spell levels left.
You knew the following spells:

 Your Spells              Type           Power        Failure   Level  Hunger
a - Freeze                Ice            ###.         6%          1    None
b - Summon Ice Beast      Ice/Summ       ##......     88%         4    ####...


Dungeon Overview and Level Annotations

Branches:
Dungeon (3/15)


Message History

Casting: Freeze
Confirm with . or Enter, or press ? or * to list all spells.
Aiming: Freeze
Press: ? - help, Shift-Dir - straight line, f/p - adder
Aim: an adder (severely wounded)
You freeze the adder.
You kill the adder!
Unknown command.
Casting: Freeze
Confirm with . or Enter, or press ? or * to list all spells.
Aiming: Freeze
Press: ? - help, Shift-Dir - straight line, f - ogre
Aim: an ogre, wielding a giant club You miscast Freeze.
Nothing appears to happen.
The ogre hits you with a giant club!!
* * * LOW HITPOINT WARNING * * *
Use which ability? (? or * to list)
You feel strangely unstable.
You feel quite a bit more hungry. The ogre hits you with a giant club.
You die...

### #.# #.# #.#
#.## #[. #O# #@#
#.# ######## #.#
#....... #.#
#.###### #.# #.#
#.# #.# #.# #.#
#%# #.#
#.#########.######


You could see an ogre.

Vanquished Creatures
  2 orc priests (D:3)
  Ijyb (D:3)
  6 adders (D:3)
  A worm (D:3)
  A giant gecko (D:1)
  8 orcs (D:3)
  3 bats
  12 goblins
  7 hobgoblins
  3 jackals (D:1)
  7 kobolds
  4 giant cockroaches
  4 giant newts
  7 rats
66 creatures vanquished.

Notes
Turn   | Place    | Note
--------------------------------------------------------------
     0 | D:1      | Johnny, the Demigod Ice Elementalist, began the quest for the Orb.
     0 | D:1      | Reached XP level 1. HP: 14/14 MP: 3/3
   238 | D:1      | Reached XP level 2. HP: 12/20 MP: 0/4
   871 | D:1      | Reached skill level 3 in Ice Magic
  1604 | D:2      | Reached skill level 1 in Fighting
  1776 | D:2      | Reached XP level 3. HP: 28/28 MP: 8/8
  2285 | D:3      | Noticed Ijyb
  2294 | D:3      | Killed Ijyb
  2294 | D:3      | Reached skill level 1 in Armour
  2332 | D:3      | Reached XP level 4. HP: 33/35 MP: 0/11
  2342 | D:3      | Learned a level 4 spell: Summon Ice Beast
  2994 | D:3      | Reached XP level 5. HP: 11/40 MP: 7/12
  3304 | D:3      | Noticed an ogre
  3311 | D:3      | Slain by an ogre

Action                   |  1- 3 |  4- 6 || total
-------------------------+-------+-------++-------
Melee: Dagger            |    10 |       ||    10
       Unarmed           |     8 |       ||     8
       Spear             |    50 |    99 ||   149
       Short sword       |    23 |       ||    23
 Cast: Freeze            |    34 |    26 ||    60
 Abil: Evoke Teleportati |       |     1 ||     1
 Stab: Sleeping          |     4 |     2 ||     6
       Distracted        |       |     1 ||     1
  Eat: Chunk             |     3 |     3 ||     6
       Pizza             |     1 |       ||     1
